 Dungeon Crawl Stone Soup version 0.18-a0-1584-g146024a (webtiles) character file.

2154 Oddball22 the Quickloader (level 9, 0/54 HPs)
             Began as a Kobold Hunter on Mar 18, 2016.
             Killed from afar by an orc wizard (3 damage)
             ... with a magic dart
             ... on level 6 of the Dungeon.
             The game lasted 00:18:50 (6506 turns).

Oddball22 the Quickloader (Kobold Hunter)           Turns: 6506, Time: 00:18:52

Health: 0/54       AC:  7    Str: 11    XL:     9   Next: 56%
Magic:  9/9        EV: 19    Int:  9    God:
Gold:   276        SH:  0    Dex: 19    Spells: 0 memorised, 8 levels left

rFire  . . .     SeeInvis .     J - +6 spear of Conformity {vamp, Fragile rC+ rN+}
rCold  + . .     Gourm    .     c - +0 leather armour
rNeg   + . .     Faith    .     (shield restricted)
rPois  +         Spirit   .     v - +2 helmet
rElec  .         Dismiss  .     n - +0 cloak
rCorr  .         Reflect  .     (no gloves)
SustAt .         Harm     .     (no boots)
MR     .....                    l - amulet of regeneration
Stlth  ++++......               (no ring)
                                u - ring of poison resistance

@: not resistant to hostile enchantments, stealthy
A: carnivore 3
a: no special abilities


You were on level 6 of the Dungeon.
You were completely stuffed.

You visited 1 branch of the dungeon, and saw 6 of its levels.
You also visited: Ossuary.

You collected 276 gold pieces.

Inventory:

Hand Weapons
 a - a +1 hand crossbow
 b - a +0 short sword
 F - a +1 whip of electrocution
 G - a +2 dagger of protection
 J - the +6 spear of Conformity (weapon) {vamp, Fragile rC+ rN+}
   (You found it on level 5 of the Dungeon)

   It inflicts no extra harm, but heals its wielder somewhat when it strikes a
   living foe.
   It protects you from cold.
   It protects you from negative energy.
   It will be destroyed if unequipped.
Missiles
 d - 66 bolts
 K - 4 javelins
Armour
 c - a +0 leather armour (worn)
 k - a +0 buckler
 n - a +0 cloak (worn)
 v - a +2 helmet (worn)
 H - a +0 shield
Jewellery
 l - an amulet of regeneration (around neck)
 u - a ring of poison resistance (left hand)
Scrolls
 e - 2 scrolls of teleportation
 g - 2 scrolls of blinking
 h - a scroll of magic mapping {unknown}
 m - 3 scrolls of immolation
 p - a scroll of recharging {unknown}
 r - 2 scrolls of fog {unknown}
 t - a scroll of enchant weapon {unknown}
 x - a scroll of amnesia {unknown}
 y - a scroll of fear {unknown}
 z - 3 scrolls of identify {unknown}
 C - a scroll of remove curse
 L - a scroll of enchant armour {unknown}
Potions
 i - a potion of haste
 q - 2 potions of flight {unknown}
 s - a potion of agility {unknown}
 w - a potion of magic {unknown}
 A - 5 potions of degeneration {unknown}
 B - 2 potions of curing
 D - a potion of lignification {unknown}
 I - a potion of ambrosia {unknown}
Miscellaneous
 E - a plain deck of changes
Comestibles
 f - 3 meat rations
 j - a royal jelly
 o - a beef jerky


   Skills:
 - Level 5.5 Fighting
 + Level 6.9 Short Blades
 + Level 8.5 Crossbows
 + Level 7.0 Dodging
 + Level 7.7 Stealth


You had 8 spell levels left.
You didn't know any spells.

Dungeon Overview and Level Annotations

Branches:
Dungeon (6/15)
 Temple: D:4-7

Altars:
Dithmenos
Elyvilon
Fedhas
Gozag
Nemelex Xobeh
Sif Muna
Yredelemnul

Shops:
D:4 %


Innate Abilities, Weirdness & Mutations

You are small and have problems with some larger weapons.
You are carnivorous and can eat meat at any time.


Message History

The orc warrior is heavily wounded.
The orc wizard casts a spell.
The orc wizard blinks!
The orc warrior barely misses you.
You hit the orc warrior but do no damage.
The orc warrior is heavily wounded.
The orc warrior hits you with a battleaxe!
* * * LOW HITPOINT WARNING * * *
The orc wizard mumbles some strange words.
The orc wizard seems to speed up.
You hit the orc warrior.
The orc warrior is severely wounded.
The orc warrior hits you with a battleaxe!
* * * LOW HITPOINT WARNING * * *
You hit the orc warrior but do no damage.
The orc warrior is severely wounded.
The orc wizard gestures wildly while chanting.
The orc wizard blinks!
The orc wizard gestures at you while chanting.
The magic dart hits you!
You die...

#.# ..... #.#
... ###.###
... #...[.#
... #.###.#
#o# #.# #.#
#ยง# #.# #.#
#o# #.# #.#
#@###### #.#
#.# #o.....#
#.# #.#
######.# #.#
#.#
#.#####.###.#
#...........#
#######.#####
#.# #.# #.#


You could see an orc warrior, an orc wizard and an orc.

Vanquished Creatures
  Eustachio (D:4)
  A hungry ghost (D:4)
  2 ice beasts
  A phantom (D:4)
  2 ogres (D:4)
  2 centaurs (D:5)
  3 water moccasin zombies (Ossuary)
  2 scorpions
  2 howler monkeys
  4 orc priests
  A giant frog zombie (D:6)
  2 hounds
  4 orc wizards
  Jessica (D:3)
  Natasha (thrice) (D:3)
  3 worker ants
  3 big kobold zombies (Ossuary)
  A hound zombie (D:5)
  2 mummies (Ossuary)
  2 hound skeletons
  A worker ant zombie (D:5)
  Robin (D:3)
  13 adders
  A shadow imp (D:5)
  4 adder zombies (Ossuary)
  3 adder skeletons
  2 worms (D:3)
  2 dart slugs
  3 giant geckos
  26 orcs
  A ball python (D:3)
  8 bats
  6 giant cockroaches
  A gnoll zombie (Ossuary)
  15 goblins
  14 hobgoblins
  3 jackals (D:5)
  3 quokkas
  4 giant newts
  4 hobgoblin zombies (Ossuary)
  4 kobolds
  9 kobold zombies (Ossuary)
  6 orc zombies (Ossuary)
  3 rats
179 creatures vanquished.

Vanquished Creatures (others)
  An orc wizard (D:3)
  5 orcs (D:6)
6 creatures vanquished.

Grand Total: 185 creatures vanquished

Notes
Turn   | Place    | Note
--------------------------------------------------------------
     0 | D:1      | Oddball22 the Kobold Hunter began the quest for the Orb.
     0 | D:1      | Reached XP level 1. HP: 12/12 MP: 1/1
   218 | D:1      | Reached XP level 2. HP: 18/18 MP: 2/2
   248 | D:1      | Reached skill level 5 in Crossbows
   467 | D:1      | Reached skill level 1 in Short Blades
  1012 | D:1      | Reached XP level 3. HP: 12/22 MP: 3/3
  1211 | D:1      | You fall through a shaft!
  1211 | D:2      | Found a basalt altar of Yredelemnul.
  1649 | D:2      | Found an opulent altar of Gozag.
  1993 | D:2      | Found a blossoming altar of Fedhas.
  2021 | D:2      | Reached XP level 4. HP: 27/27 MP: 4/4
  2197 | D:3      | Noticed Natasha
  2208 | D:3      | Killed Natasha
  2354 | D:3      | Noticed Robin
  2358 | D:3      | Reached XP level 5. HP: 32/32 MP: 5/5
  2374 | D:3      | Noticed Jessica
  2377 | D:3      | Killed Robin
  2529 | D:3      | Killed Jessica
  2833 | D:3      | Reached XP level 6. HP: 38/38 MP: 6/6
  2909 | D:3      | Noticed Natasha
  2928 | D:3      | Killed Natasha
  2951 | D:3      | Noticed Natasha
  2991 | D:3      | Killed Natasha
  3165 | D:4      | Noticed an ogre
  3201 | D:4      | Reached skill level 6 in Crossbows
  3273 | D:4      | Reached XP level 7. HP: 42/44 MP: 7/7
  3310 | D:4      | Noticed Eustachio
  3379 | D:4      | Killed Eustachio
  3379 | D:4      | Reached skill level 5 in Fighting
  3741 | D:4      | Reached XP level 8. HP: 47/50 MP: 8/8
  3826 | D:4      | Found a sand-covered staircase.
  3834 | Ossuary  | Entered an ossuary
  4049 | Ossuary  | Reached skill level 5 in Stealth
  4076 | Ossuary  | Reached skill level 5 in Dodging
  4330 | D:4      | Reached skill level 7 in Crossbows
  4478 | D:4      | Found Doivigil's Food Boutique.
  4542 | D:4      | Found a white marble altar of Elyvilon.
  4587 | D:4      | Found a deep blue altar of Sif Muna.
  4696 | D:4      | Reached skill level 5 in Short Blades
  4977 | D:5      | Entered Level 5 of the Dungeon
  4979 | D:5      | Found a sparkling altar of Nemelex Xobeh.
  5031 | D:5      | Found a shadowy altar of Dithmenos.
  5066 | D:5      | Reached XP level 9. HP: 54/54 MP: 9/9
  5649 | D:5      | Reached skill level 8 in Crossbows
  6131 | D:5      | Got a faintly glowing spear
  6134 | D:5      | Identified the +6 spear of Conformity {vamp, Fragile rC+ rN+} (You found it on level 5 of the Dungeon)
  6505 | D:6      | HP: 2/54 [orc warrior/battleaxe (14)]
  6506 | D:6      | Killed from afar by an orc wizard

Vault maps used:
D:1:      minmay_arrival_floating_metal
D:2:      yredelemnul_altar_generic, nicolae_overflow_crystal_walls,
          nicolae_gozag_cash_rules_everything_around_me
D:3:      first_bread, serial_park_tiny_1, uniq_natasha, uniq_robin,
          uniq_jessica
D:4:      marbit_many_paths, kennysheep_mini, chequers_ossuary_entry_cave,
          serial_shops, nicolae_shop_scaring_up_business, minmay_crystal_room,
          uniq_eustachio
D:5:      nemelex_deck, kennysheep_mini_moat, supply_closet_lemuel,
          minmay_misc_feat_nine_boxes
D:6:      grunt_pakellas_mercury, lemuel_temple_firewalk_marked, uniq_menkaure,
          uniq_crazy_yiuf_cottage
Ossuary:  ossuary_tomb_2

Skill      XL: |  1  2  3  4  5  6  7  8  9 |
---------------+----------------------------+-----
Crossbows      | 5 6 7 8 |  8.5
Short Blades   | 1 2 3 4 5 6 |  6.9
Stealth        | 2 3 4 6 7 |  7.7
Fighting       | 3 4 5 |  5.5
Dodging        | 3 4 5 7 |  7.0

Action                   |  1- 3 |  4- 6 |  7- 9 || total
-------------------------+-------+-------+-------++-------
Melee: Short sword       |   154 |   251 |   499 ||   904
       Dagger            |       |       |    14 ||    14
       Whip              |       |       |   104 ||   104
       Spear             |       |       |    52 ||    52
 Fire: Hand crossbow     |       |    15 |    48 ||    63
  Use: Scroll            |       |     2 |     2 ||     4
       Potion            |       |       |     4 ||     4
 Stab: Sleeping          |       |     8 |    10 ||    18
       Distracted        |       |     1 |       ||     1
  Eat: Chunk             |    12 |     4 |    17 ||    33
